Cogmind - Beta 16 @@@ ROGUE MODE // 2025.12.04 @ 23:08:00 Player: Cracklepappy Result: Self-destructed Performance ------------- Evolutions (2) 1000 Regions Visited (8) 1600 Robots Destroyed (219) 1095 Value Destroyed (5667) 5667 Prototype IDs (39) 780 Alien Tech Used (0) 0 Bonus (1865) 1865 TOTAL SCORE: 12007 Bonus ------- High Alert Combat Kills 1066 Follower Combat Kills 299 Entered Garrisons 200 Aligned with FarCom 300 Cogmind --------- Core Integrity 182/550 Matter 128/300 Energy 100/100 System Corruption 0% Temperature Cool (0) Movement Treading (228) Ox1 Location -8/Garrison Parts ------- > --- POWER (1) -------- (None) > --- PROPULSION (4) --- Light Treads Advanced Treads Advanced Treads Advanced Treads > --- UTILITY (2) ------ Advanced Heat Sink Huge Storage Unit > --- WEAPON (4) ------- Gauss Rifle Gauss Rifle Advanced Assault Cannon Rocket Launcher > --- INVENTORY (25) --- Light Nuclear Core Advanced Treads Advanced Treads Armored Wheel Improved Flight Unit Surge Thruster Flying Fortress v7 Advanced Heat Sink High-capacity Matter Pod (0) Advanced Visual Processing Unit Modified TNC Trap Reconfigurator AS-neutralizer No. 17b Heavy Particle Cannon Gauss Rifle Gauss Rifle 8R-AWN's Boregun Advanced Assault Cannon Advanced Assault Cannon Heavy Missile Launcher Remote Datajack Scythe Peak State ------------ > --- POWER ------------ Light Nuclear Core > --- PROPULSION ------- Advanced Treads Advanced Treads Advanced Treads Advanced Treads > --- UTILITY ---------- Improved Heat Sink Huge Storage Unit > --- WEAPON ----------- Gauss Rifle Advanced Assault Cannon Advanced Assault Cannon Advanced Assault Cannon > --- INVENTORY -------- Light Nuclear Core Advanced Treads Advanced Treads Advanced Treads Advanced Treads Armored Wheel Improved Flight Unit Surge Thruster Flying Fortress v7 Advanced Heat Sink High-capacity Matter Pod Gravity Neutralizer Advanced Visual Processing Unit Modified TNC Trap Reconfigurator AS-neutralizer No. 17b Heavy Assault Rifle 8R-AWN's Boregun Advanced Assault Cannon Heavy Missile Launcher Improved Datajack Scythe [Rating: 46] Favorites ----------- Power Light Nuclear Core Engine Ion Engine Power Core Light Nuclear Core Propulsion Light Treads Treads Light Treads Wheel Wheel Hover Unit Aerolev Unit Flight Unit Improved Flight Unit Utility Huge Storage Unit Device Cooling System Storage Huge Storage Unit Processor Salvage Targeting Computer Weapon Heavy Assault Rifle Energy Gun EM Pulse Gun Energy Cannon Beam Cannon Ballistic Gun Heavy Assault Rifle Ballistic Cannon Light Cannon Launcher Rocket Launcher Impact Weapon Hammer Slashing Weapon Scythe Build | -11 -10 -10 -9 -9 -9 -8 -8 -8 ------- Run | Yrd Mat Min Mat Min Exi Min Mat Gar Slots Evolved 4 | . . . 2 . . . 2 . Power . | . . . . . . . . . Propulsion 2 | . . . . . . . 2 . Utility . | . . . . . . . . . Weapon 2 | . . . 2 . . . . . Parts Attached 129 | 8 16 4 32 1 14 2 50 2 Power 14 | 1 1 1 4 1 1 . 4 1 Engine 8 | 1 1 1 4 1 . . . . Core 6 | . . . . . 1 . 4 1 Reactor . | . . . . . . . . . Propulsion 41 | 2 6 1 9 . 3 1 19 . Treads 31 | . 5 1 3 . 3 1 18 . Leg . | . . . . . . . . . Wheel 8 | 2 1 . 5 . . . . . Hover 1 | . . . 1 . . . . . Flight 1 | . . . . . . . 1 . Utility 19 | 2 3 1 2 . 3 . 8 . Device 14 | 1 1 . 2 . 3 . 7 . Storage 4 | 1 2 1 . . . . . . Processor 1 | . . . . . . . 1 . Hackware . | . . . . . . . . . Protection . | . . . . . . . . . Artifact . | . . . . . . . . . Weapon 55 | 3 6 1 17 . 7 1 19 1 Energy Gun 8 | 3 4 1 . . . . . . Energy Cannon 6 | . 1 . 4 . . . 1 . Ballistic Gun 26 | . 1 . 8 . 5 . 12 . Ballistic Cannon 9 | . . . 4 . . . 5 . Launcher 4 | . . . 1 . 1 1 1 . Special Weapon . | . . . . . . . . . Impact Weapon 1 | . . . . . 1 . . . Slashing Weapon 1 | . . . . . . . . 1 Piercing Weapon . | . . . . . . . . . Special Melee Weapon . | . . . . . . . . . Unidentified Prototypes 6 | . . . 2 . 3 . 1 . Parts Lost 11 | . 3 2 . . 3 . 2 1 Power 2 | . . . . . 1 . . 1 Propulsion 2 | . . . . . 1 . 1 . Utility . | . . . . . . . . . Weapon 7 | . 3 2 . . 1 . 1 . Highest Loss Streak 2 | . 1 2 . . 2 . 1 1 To Critical Strikes 3 | . . . . . 3 . . . Average Backups 21 | 3 13 18 24 25 20 22 21 22 Power 1 | . 1 1 2 1 1 . . 1 Propulsion 8 | 2 5 7 10 11 6 5 7 6 Utility 4 | . 3 4 2 2 3 7 6 6 Weapon 7 | 1 3 5 9 9 9 9 6 8 Tool/Special . | . . . . . . . . . Unused Backups 61 | . 5 1 26 . 8 . 8 13 Power 6 | . . . 2 . 3 . . 1 Propulsion 25 | . 2 . 9 . 4 . 5 5 Utility 18 | . 2 . 9 . 1 . 2 4 Weapon 10 | . 1 1 6 . . . 1 1 Tool/Special 2 | . . . . . . . . 2 Average Slot Usage (%) 96 | . 99 100 99 100 67 100 99 100 Engine 7 | . 14 14 11 11 9 . . . Core 3 | . . . . . 1 11 9 9 Treads 22 | . 20 28 17 . 4 22 35 36 Wheel 4 | . 7 . 4 22 17 . . . Device 10 | . 14 14 11 11 11 11 9 9 Storage 10 | . 14 14 11 11 11 11 9 9 Energy Gun 4 | . 17 27 . . . . . . Energy Cannon 3 | . 7 . 4 . . . 3 . Ballistic Gun 21 | . 2 . 36 . 9 39 22 15 Ballistic Cannon 4 | . . . 2 44 . . 6 17 Peak Build Rating 46 | 7 8 11 21 16 33 32 46 46 Average Rating 22 | 5 7 8 18 14 14 29 39 45 On Entrance 18 | . 7 8 11 14 16 32 28 46 Avg Prop Armor Cover (%) . | . . . . . . . . . Naked Turns . | . . . . . . . . . Heaviest Build 108 | 15 31 93 104 101 104 99 108 106 Greatest Support 88 | 20 40 40 40 20 52 52 88 86 Greatest Overweight (x) 5 | . 1 2 5 5 5 2 1 1 Average Overweight (x) 1 | . . 1 2 4 3 1 1 1 Largest Inventory Capacity 25 | 8 15 25 25 25 25 25 25 25 Average Capacity 23 | 7 14 21 25 25 25 25 25 25 Most Carried 25 | 8 15 25 25 25 25 25 25 25 Average Carried 22 | 3 13 18 24 24 20 25 24 24 Final Capacity 25 | 8 15 25 25 25 25 25 25 25 Final Carried 25 | 8 15 25 25 25 25 25 25 25 Class Distribution -------------------- 43% | Scavenger-Gunner 28% | Mutant 27% | Gunner Dominant Class ---------------- Mutant | -10/Materials Mutant | -10/Mines Scavenger-Gunner | -9/Materials Gunner | -9/Mines Mutant | -9/Exiles Gunner | -8/Mines Scavenger-Gunner | -8/Materials Gunner | -8/Garrison Resources | -11 -10 -10 -9 -9 -9 -8 -8 -8 ----------- Run | Yrd Mat Min Mat Min Exi Min Mat Gar Matter Collected 6777 | 280 420 36 1611 227 440 373 3122 268 Remotely . | . . . . . . . . . Salvage Created 7770 | 98 739 262 2382 202 125 384 3358 220 Parts 469 | 10 51 13 154 15 5 9 198 14 Haulers Intercepted 14 | . 2 . 6 . . . 6 . Recyclers Shooed 7 | . 1 . . 1 . 1 4 . Parts Field Recycled . | . . . . . . . . . Retrieved Matter . | . . . . . . . . . Parts Self-Destructed . | . . . . . . . . . Prevented . | . . . . . . . . . Parts Restored . | . . . . . . . . . Kills | -11 -10 -10 -9 -9 -9 -8 -8 -8 ------- Run | Yrd Mat Min Mat Min Exi Min Mat Gar Combat Hostiles Destroyed 130 | . 17 6 43 1 5 . 50 8 Guns 73 | . 8 1 26 . 1 . 33 4 Cannons 28 | . 7 1 11 1 . . 7 1 AOE 29 | . 2 4 6 . 4 . 10 3 Classes Destroyed 18 | 2 6 . 5 . 1 . 3 1 Worker 26 | . 1 . 2 3 . 3 17 . Builder 12 | . 1 . 4 2 . . 5 . Tunneler 7 | 2 . 1 . . . 3 1 . Hauler 14 | . 2 . 6 . . . 6 . Recycler 19 | 1 . 1 3 1 . 3 10 . Mechanic 2 | . . . 1 . . . 1 . Operator 2 | . . . 1 . . . 1 . Watcher 9 | . 2 . 3 . . . 4 . Swarmer 21 | . 6 3 5 . . . 4 3 Grunt 76 | . 11 3 29 1 . . 28 4 Brawler 4 | . . . 2 . . . 2 . Duelist 1 | . . . . . . . 1 . Protector 2 | . . . 1 . . . 1 . Sentry 18 | . . . 8 . . . 10 . Hunter 3 | . . . . . . . 3 . Programmer 1 | . . . . . . . . 1 Heavy 1 | . . . . . . . 1 . Assembled 4 | . . . . . 4 . . . Best Kill Streak 7 | 2 6 3 6 2 4 4 7 4 Combat Bots Only 5 | . 5 3 5 1 4 . 5 4 Max Kills in Single Turn 3 | 1 3 2 2 1 2 2 3 3 Gunslinging 1 | . . . 1 . . . 1 . Exploded 3 | . 2 2 2 . 2 . 2 3 Melee . | . . . . . . . . . Uniques/NPCs Destroyed 1 | . . . . . 1 . . . 8R-AWN (-9/Exiles) Combat | -11 -10 -10 -9 -9 -9 -8 -8 -8 -------- Run | Yrd Mat Min Mat Min Exi Min Mat Gar Hostile Shots Fired 565 | . 96 32 117 4 55 . 217 44 Missed 172 | . 30 12 32 3 9 . 76 10 Hits 393 | . 66 20 85 1 46 . 141 34 Projectile 393 | . 66 20 85 1 46 . 141 34 Critical Strikes 23 | . . . . . 18 . 4 1 Damage Taken 5829 | . 702 232 1112 56 775 . 2426 526 Core 814 | . 106 29 131 28 152 . 287 81 Absorbed by Shields . | . . . . . . . . . Regen/Repaired (Parts) 252 | . 76 . 43 . . . 133 . Core Remaining (%) 56 | 100 . 46 . . . 22 . . Volleys Fired 474 | 10 76 15 115 9 41 2 188 18 Largest 4 | 1 2 2 4 4 4 4 4 4 Hottest 203 | 50 110 100 203 120 92 92 166 136 Shots Fired 1369 | 10 117 30 419 37 94 7 595 60 Gun 1005 | 10 81 29 312 . 89 7 449 28 Cannon 331 | . 36 1 100 37 1 . 127 29 Launcher 33 | . . . 7 . 4 . 19 3 Special . | . . . . . . . . . Kinetic 1062 | . 5 . 344 37 90 7 522 57 Thermal 172 | 10 39 1 68 . . . 54 . Explosive 33 | . . . 7 . 4 . 19 3 Electromagnetic 102 | . 73 29 . . . . . . Robot Hit Streak 16 | 2 7 6 14 6 16 3 14 7 Robot Miss Streak 9 | 2 5 4 3 4 3 . 9 5 Penetration Max 1 | . . . . . . . 1 . Secondary Targets 13 | . . . 4 . . . 9 . Max Gunslinging Chain 2 | . . . 1 . . . 2 . Shots Hit Robots 795 | 5 65 15 234 15 65 12 355 29 Core Hits 345 | 4 31 16 99 7 17 4 155 12 Critical Kills 6 | . . . 1 . . . 4 1 Critical Parts Destroyed 2 | . . . . . . . 1 1 Critical Strikes 19 | . 1 . 4 1 . . 9 4 Destroy 10 | . . . 2 . . . 6 2 Blast 8 | . . . 2 1 . . 3 2 Corrupt 1 | . 1 . . . . . . . Melee Attacks 18 | . . . . . . 10 . 8 Impact 10 | . . . . . . 10 . . Slashing 8 | . . . . . . . . 8 Piercing . | . . . . . . . . . Sneak Attacks 8 | . . . . . . 8 . . Combat Hostiles . | . . . . . . . . . Follow-up Attacks . | . . . . . . . . . Damage Inflicted 17932 | 64 1154 470 4628 307 1182 617 8661 849 Guns 9614 | 64 559 171 2826 . 932 66 4644 352 Cannons 3825 | . 447 17 1039 284 . . 1721 317 Explosions 3806 | . 148 226 762 . 250 . 2240 180 Melee 551 | . . . . . . 551 . . Ramming 136 | . . 56 1 23 . . 56 . Kinetic 10821 | . 22 . 3133 284 932 66 5715 669 Thermal 2310 | 64 621 243 732 . . . 650 . Explosive 3425 | . . . 762 . 250 . 2233 180 Electromagnetic 689 | . 511 171 . . . . 7 . Impact 551 | . . . . . . 551 . . Slashing . | . . . . . . . . . Piercing . | . . . . . . . . . Highest Corruption 3 | . . . 2 3 3 3 . . Average Corruption 2 | . . . 1 2 3 3 . . Corruption Purged . | . . . . . . . . . Corruption Blocked . | . . . . . . . . . Effects 103 | . . . 58 9 28 8 . . Message Errors 30 | . . . 17 3 6 4 . . Matter Fused 24 | . . . 10 1 10 3 . . Heat Flow Errors 15 | . . . 12 1 2 . . . Energy Discharges 8 | . . . 4 . 4 . . . Parts Rejected 1 | . . . 1 . . . . . Parts Fused 1 | . . . 1 . . . . . Data Loss (minor) 8 | . . . 5 1 1 1 . . Data Loss (major) 6 | . . . 2 . 4 . . . Misfires 5 | . . . 4 1 . . . . Alerts 4 | . . . 2 2 . . . . Weapon Failures 1 | . . . . . 1 . . . Overload Shots . | . . . . . . . . . Overflow Damage 330 | . 5 . 47 . 25 179 64 10 Projectiles 89 | . 5 . 47 . . . 27 10 Explosions 62 | . . . . . 25 . 37 . Melee 179 | . . . . . . 179 . . Knockbacks 20 | . . 1 2 5 . 1 3 8 Impact 2 | . . 1 . . . 1 . . Kinetic 18 | . . . 2 5 . . 3 8 Secondary . | . . . . . . . . . Self-Inflicted Damage 110 | . 35 . . 11 38 . . 26 Shots 3 | . 1 . . . 1 . . 1 Rammed 13 | . . 7 1 1 . . 4 . Targets Rammed 17 | . . 8 1 1 . . 7 . Kicked . | . . . . . . . . . Crushed 4 | . . 1 . . . . 3 . Highest Temperature 340 | 50 340 21 247 90 186 . 202 62 Average Temperature 64 | 19 85 5 70 46 63 . 50 22 Received Heat Transfer 1905 | . 264 102 441 9 . . 819 270 Effects 3 | . 3 . . . . . . . Energy Bleed 1 | . 1 . . . . . . . Interference 2 | . 2 . . . . . . . Siege Activations . | . . . . . . . . . Martial Activations . | . . . . . . . . . Shielding Activations . | . . . . . . . . . Robots Disrupted . | . . . . . . . . . Combat Hostiles . | . . . . . . . . . Robots Corrupted 3 | . . . . . . 3 . . Combat Hostiles . | . . . . . . . . . Parts Fried 11 | . . 1 . . . 10 . . Impact Corruptions 9 | . . . . . . 9 . . Robots Melted . | . . . . . . . . . Combat Hostiles . | . . . . . . . . . Parts Melted 1 | . 1 . . . . . . . Heat Transferred 4028 | 185 1336 287 1258 . . . 962 . Parts Sabotaged . | . . . . . . . . . Parts Stolen . | . . . . . . . . . Parts Stripped . | . . . . . . . . . Power Chain Reactions 6 | . 3 3 . . . . . . Alert | -11 -10 -10 -9 -9 -9 -8 -8 -8 ------- Run | Yrd Mat Min Mat Min Exi Min Mat Gar Maximum Alert Level 4 | . . . 3 2 . . 4 4 Low Security (%) 39 | 100 100 100 13 . . 100 29 . Level 1 8 | . . . 5 92 . . 7 . Level 2 27 | . . . 56 6 . . 19 . Level 3 20 | . . . 24 . . . 30 99 Level 4 3 | . . . . . . . 12 . Level 5 . | . . . . . . . . . High Security . | . . . . . . . . . Max Security . | . . . . . . . . . Sterilizations 2 | . . . 1 . . . 1 . Peak Influence 1244 | 10 178 108 1042 411 . 10 1244 1122 Initial 802 | . . 51 19 406 . . . 802 Average 416 | . 99 21 527 302 . . 556 921 Influence Increases 5064 | 15 605 301 1774 60 . 45 1934 330 Destroy 0b10 Robot/C 2720 | . 340 200 1020 20 . . 980 160 Destroy 0b10 Robot/NC 485 | 15 30 10 125 30 . 45 230 . Destroy Leader 698 | . 78 40 280 10 . . 280 10 Allied During Kill 134 | . . 36 98 . . . . . Successful Hack 133 | . 44 . 28 . . . 61 . Select Force Hacks 260 | . 60 . 140 . . . 60 . Disable Machine 165 | . 15 . 30 . . . 120 . Anti-Garrison Action 100 | . . . . . . . . 100 Destroy Structure 279 | . 8 15 38 . . . 188 30 Lose Combat Pursuer 90 | . 30 . 15 . . . 15 30 Influence Decreases 3942 | 15 472 384 782 898 204 45 700 442 Entered New Map 1385 | . . 82 31 636 204 . . 432 Time Decay 2437 | 15 442 302 691 262 . 45 680 . Lost Part 60 | . 30 . . . . . 20 10 Lost Ally 60 | . . . 60 . . . . . Squads Dispatched 32 | . 5 . 15 . . . 12 . Investigation 18 | . 3 . 9 . . . 6 . Extermination . | . . . . . . . . . Reinforcement 8 | . 2 . 3 . . . 3 . Assault 5 | . . . 3 . . . 2 . Garrison 1 | . . . . . . . 1 . Intercept . | . . . . . . . . . Searches Triggered . | . . . . . . . . . Construction Impeded 2 | . . . . . . . 2 . Haulers Reinforced . | . . . . . . . . . Active Scanning Responses . | . . . . . . . . . Cargo Convoy Interrupts . | . . . . . . . . . Stealth | -11 -10 -10 -9 -9 -9 -8 -8 -8 --------- Run | Yrd Mat Min Mat Min Exi Min Mat Gar Distress Signals 8 | . . . 4 . . . 4 . Communications Jammed . | . . . . . . . . . Distress Signals . | . . . . . . . . . Times Spotted 185 | . 28 10 61 1 6 . 65 14 Peak Tracking Total 9 | . 5 3 5 1 9 . 6 7 Tactical Retreats 8 | . 2 . 1 . 3 . 1 1 Traps | -11 -10 -10 -9 -9 -9 -8 -8 -8 ------- Run | Yrd Mat Min Mat Min Exi Min Mat Gar Traps Triggered 9 | . 1 . 2 1 . . 1 4 Indirectly . | . . . . . . . . . Trap Hack Attempts . | . . . . . . . . . Triggered . | . . . . . . . . . Disarmed . | . . . . . . . . . Reprogrammed . | . . . . . . . . . Reused . | . . . . . . . . . Traps Reconfigurated 4 | . . . . . . . 4 . Traps Extracted . | . . . . . . . . . Installed . | . . . . . . . . . Triggered . | . . . . . . . . . Machines | -11 -10 -10 -9 -9 -9 -8 -8 -8 ---------- Run | Yrd Mat Min Mat Min Exi Min Mat Gar Machines Disabled 19 | . 1 . 2 . 6 . 8 2 Max in Single Turn 2 | . 1 . 1 . 2 . 1 1 Garrison Relay 2 | . . . . . . . . 2 Machines Repaired . | . . . . . . . . . Machines Dismantled . | . . . . . . . . . Machines Sabotaged 1 | . . . 1 . . . . . Overloaded Fab Kills . | . . . . . . . . . Hacking | -11 -10 -10 -9 -9 -9 -8 -8 -8 --------- Run | Yrd Mat Min Mat Min Exi Min Mat Gar Machines Accessed 40 | . 8 . 12 1 2 . 17 . Terminals 23 | . 5 . 7 . . . 11 . Fabricators . | . . . . . . . . . Repair Stations 3 | . 1 . 1 . . . 1 . Recycling Units 6 | . 2 . 2 . . . 2 . Scanalyzers 4 | . . . 2 . . . 2 . Garrison Access 1 | . . . . . . . 1 . Total Hacks 109 | . 27 . 32 1 2 . 47 . Successful 64 | . 17 . 18 1 2 . 26 . Failed 43 | . 10 . 13 . . . 20 . Catastrophic 2 | . 1 . 1 . . . . . Database Lockouts 2 | . . . 1 . . . 1 . Manual 56 | . 14 . 19 . 1 . 22 . Terminals 73 | . 20 . 22 . . . 31 . Fabricators . | . . . . . . . . . Repair Stations 6 | . 3 . 1 . . . 2 . Recycling Units 10 | . 4 . 4 . . . 2 . Scanalyzers 13 | . . . 5 . . . 8 . Garrison Access 4 | . . . . . . . 4 . Terminal Hacks 22 | . 6 . 5 1 2 . 8 . Record 1 | . . . . . 1 . . . Part Schematic 2 | . . . . . . . 2 . Robot Analysis 1 | . 1 . . . . . . . Prototype ID Bank 8 | . 3 . 2 . . . 3 . Open Door 1 | . . . . 1 . . . . Branch Access Points 1 | . . . 1 . . . . . Locate Traps 5 | . 2 . 2 . . . 1 . Registered Prototypes 1 | . . . . . . . 1 . Zone Layout 1 | . . . . . . . 1 . Proto ID Catalog 1 | . . . . . 1 . . . Fabricator Hacks . | . . . . . . . . . Repair Station Hacks 2 | . 2 . . . . . . . Scan Component 1 | . 1 . . . . . . . Repair 1 | . 1 . . . . . . . Recycling Unit Hacks 3 | . 2 . 1 . . . . . Retrieve Components 3 | . 2 . 1 . . . . . Scanalyzer 9 | . . . 1 . . . 8 . Insert Component 4 | . . . . . . . 4 . Analyze 4 | . . . . . . . 4 . Retrieve Study 1 | . . . 1 . . . . . Garrison Access Hacks 1 | . . . . . . . 1 . Unlock Access 1 | . . . . . . . 1 . Unauthorized Hacks 27 | . 7 . 11 . . . 9 . Terminals 18 | . 5 . 7 . . . 6 . Operators 1 | . . . 1 . . . . . Skim 15 | . 5 . 5 . . . 5 . Sabotage 2 | . . . 1 . . . 1 . Fabricators . | . . . . . . . . . Repair Stations 2 | . . . 1 . . . 1 . Patch 2 | . . . 1 . . . 1 . Recycling Units 6 | . 2 . 2 . . . 2 . Tunnel 6 | . 2 . 2 . . . 2 . Scanalyzers 1 | . . . 1 . . . . . Extract 1 | . . . 1 . . . . . Garrison Access . | . . . . . . . . . Data Cores Recovered 1 | . . . . . . . 1 . Used . | . . . . . . . . . Hacking Detections 30 | . 6 . 10 . . . 14 . Full Trace Events 8 | . 1 . 4 . . . 3 . Feedback Events . | . . . . . . . . . Feedback Blocked . | . . . . . . . . . Robot Schematics Acquired . | . . . . . . . . . Robots Built . | . . . . . . . . . Authchips . | . . . . . . . . . Time . | . . . . . . . . . Total Robot Build Rating . | . . . . . . . . . Part Schematics Acquired 8 | . . . 2 . . . 6 . Parts Built . | . . . . . . . . . Authchips . | . . . . . . . . . Time . | . . . . . . . . . Total Part Build Rating . | . . . . . . . . . Part Studies Acquired 1 | . . . 1 . . . . . Parts Repaired 1 | . 1 . . . . . . . Time 26 | . 26 . . . . . . . Parts Recycled . | . . . . . . . . . Recycled Matter . | . . . . . . . . . Retrieved Matter . | . . . . . . . . . Retrieved Components 27 | . 17 . 10 . . . . . Parts Scanalyzed 4 | . . . . . . . 4 . Part Schematics Acquired 4 | . . . . . . . 4 . Parts Damaged 1 | . . . . . . . 1 . Bothacking | -11 -10 -10 -9 -9 -9 -8 -8 -8 ------------ Run | Yrd Mat Min Mat Min Exi Min Mat Gar Used RIF Installer . | . . . . . . . . . Robots Hacked . | . . . . . . . . . Non-combat . | . . . . . . . . . Combat . | . . . . . . . . . Robot Hacks Applied . | . . . . . . . . . Relay Couplers Released 12 | . . . . . . . . 12 Machine Destruction 9 | . . . . . . . . 9 Programmers 3 | . . . . . . . . 3 Fabnet Peak Effective % . | . . . . . . . . . Robots Rewired . | . . . . . . . . . Allies Hacked . | . . . . . . . . . Hacks Repelled . | . . . . . . . . . Allies | -11 -10 -10 -9 -9 -9 -8 -8 -8 -------- Run | Yrd Mat Min Mat Min Exi Min Mat Gar Total Allies 5 | . . 5 . . . . . . Largest Group 5 | . . 5 5 . . . . . Highest-Rated Group 78 | . . 78 78 . . . . . Highest-Rated Ally 31 | . . 31 31 . . . . . Total Orders . | . . . . . . . . . Ally Attacks 77 | . . 19 58 . . . . . Total Damage 769 | . . 218 551 . . . . . Kills 17 | . . 4 13 . . . . . Allies Corrupted . | . . . . . . . . . Allies Melted . | . . . . . . . . . Intel | -11 -10 -10 -9 -9 -9 -8 -8 -8 ------- Run | Yrd Mat Min Mat Min Exi Min Mat Gar Active Infowar (turns) 912 | 52 858 . . . . . 2 . Sensors 2 | . . . . . . . 2 . Seismic 910 | 52 858 . . . . . . . Robot Analysis Total 1 | . 1 . . . . . . . Derelict Logs Recovered 3 | . . 2 . 1 . . . . Drone Launches . | . . . . . . . . . Drone Recoveries . | . . . . . . . . . Exploration | -11 -10 -10 -9 -9 -9 -8 -8 -8 ------------- Run | Yrd Mat Min Mat Min Exi Min Mat Gar Turns Passed 16214 | 114 1285 1858 5540 575 1697 398 4345 402 Spaces Moved 6346 | 94 722 726 1720 367 996 124 1464 133 Core 7 | 7 . . . . . . . . Treads 4131 | . 469 726 1137 . 78 124 1464 133 Legs . | . . . . . . . . . Wheels 2208 | 87 253 . 583 367 918 . . . Hover . | . . . . . . . . . Flight . | . . . . . . . . . Fastest Speed 50 | 50 80 160 135 140 140 240 225 228 Average Speed 209 | 77 136 243 259 145 148 285 230 228 Slowest Speed 320 | 80 240 320 320 155 320 320 240 228 Overloaded Moves . | . . . . . . . . . Propulsion Burnouts . | . . . . . . . . . Robots Hopped . | . . . . . . . . . Potential Cave-ins . | . . . . . . . . . Cave-ins Triggered . | . . . . . . . . . Exploration Rate (%) 67 | 4 98 99 98 84 71 38 97 17 Regions Visited 8 Branch Regions 4 Pre-discovered Areas 9 | . 2 1 2 . 1 . 3 . Known Exits Taken 2 | . . . 1 . . . 1 . Unknown Exits Taken 6 | 1 1 1 . 1 1 1 . . Scrap Searched 6 | . . 3 . 2 . 1 . . Spaces Dug 7 | . . . . . . . 1 6 Terrain Destroyed 316 | . 7 16 33 . 47 . 192 21 Melee . | . . . . . . . . . Projectile 54 | . . . 7 . 8 . 36 3 AOE 260 | . 7 16 26 . 38 . 155 18 Terrain Rammed . | . . . . . . . . . Walls Destroyed . | . . . . . . . . . Machines Disabled . | . . . . . . . . . Actions | -11 -10 -10 -9 -9 -9 -8 -8 -8 --------- Run | Yrd Mat Min Mat Min Exi Min Mat Gar Total 8325 | 120 912 776 2574 388 1162 148 2065 180 Wait 937 | . 53 8 599 5 29 1 240 2 Move 6338 | 93 721 725 1719 366 995 123 1463 133 Hop . | . . . . . . . . . Pick Up 166 | 8 23 12 46 3 36 2 34 2 Fast Attach 19 | 7 1 . 4 . . . 7 . Attach 23 | . 5 2 4 . 9 . 3 . Detach 2 | . . . . . 2 . . . Swap 142 | 2 16 3 32 1 14 7 61 6 Drop 181 | . 17 3 54 3 36 3 62 3 Fire 474 | 10 76 15 115 9 41 2 188 18 Melee 18 | . . . . . . 10 . 8 Ram 2 | . . . 1 1 . . . . Kick . | . . . . . . . . . Crush 15 | . . 8 . . . . 7 . Escape Stasis 8 | . . . . . . . . 8 Rewire . | . . . . . . . . . Trap . | . . . . . . . . . Miscellaneous . | . . . . . . . . . Route ------- -11/Scrapyard -10/Materials (discovered 6 exits: *Mat x3 / [*Min x2] / [*Sub]) -10/Mines (discovered 2 exits: *Mat x2) -9/Materials (discovered 4 exits: *Mat x3 / *Min) -9/Mines (discovered 2 exits: *Mat / *Exi) -9/Exiles (discovered 2 exits: [*Min x2]) -8/Mines -8/Materials (discovered 4 exits: *Fac x3 / Gar) -8/Garrison History --------- Turn | Location | Event 4 | -11/Scrapyard | Discovered new exit (range 15) 115 | -11/Scrapyard | Entered Materials 166 | -10/Materials | Discovered new exit (range 9) 267 | -10/Materials | Discovered new exit (range 11) 309 | -10/Materials | Build established: Mutant 410 | -10/Materials | Discovered new exit (range 14) 717 | -10/Materials | Discovered new exit (range 12) 910 | -10/Materials | Repaired Beam Cannon 952 | -10/Materials | Discovered new exit (range 15) 1238 | -10/Materials | Discovered new exit (range 16) 1400 | -10/Materials | Entered Mines 1514 | -10/Mines | Discovered new exit (range 8) 1986 | -10/Mines | Assisted by bots powering up and referring to "LRC-V3" 2255 | -10/Mines | Discovered new exit (range 5) 2648 | -10/Mines | Joined a pair of Derelicts in attacking an 0b10 outpost 2771 | -10/Mines | Learned Materials security intel 3160 | -10/Mines | Core integrity fell below 50% 3258 | -10/Mines | Entered Materials 3258 | -9/Materials | Accompanied by 5 allies 3258 | -9/Materials | Evolved 2 slots: Weapon x2 3263 | -9/Materials | Led the pair of lost Derelicts to an unsafe place 3324 | -9/Materials | Central database locked down 3554 | -9/Materials | Build established: Scavenger-Gunner 4039 | -9/Materials | Discovered new exit (range 16) 4225 | -9/Materials | Identified exit to Mines 5388 | -9/Materials | Build established: Gunner 5856 | -9/Materials | Discovered new exit (range 10) 6858 | -9/Materials | First assault squad dispatched 7008 | -9/Materials | Discovered new exit (range 5) 7246 | -9/Materials | Build established: Scavenger-Gunner 8737 | -9/Materials | Build established: Gunner 8746 | -9/Materials | Sterilization system engaged 8746 | -9/Materials | Non-combat units ordered to evacuate 8798 | -9/Materials | Entered Mines 8813 | -9/Mines | Met a Derelict bent on vengeance 8890 | -9/Mines | Discovered new exit (range 13) 9169 | -9/Mines | Met a Derelict who couldn't figure out how to use a Trap Extractor 9332 | -9/Mines | Deemed a non-threat by the Exiles lab entrance 9332 | -9/Mines | Discovered new exit (range 5) 9373 | -9/Mines | Entered Exiles 9409 | -9/Exiles | Met 8R-AWN 9435 | -9/Exiles | Met EX-HEX 9488 | -9/Exiles | Met EX-DEC 9495 | -9/Exiles | Learned location of Zion (-6) 9537 | -9/Exiles | Discovered new exit (range 12) 9670 | -9/Exiles | Build established: Mutant 10024 | -9/Exiles | Met EX-BIN 10044 | -9/Exiles | Aligned with FarCom system 10045 | -9/Exiles | Given EX-Vault access code 10078 | -9/Exiles | Opened EX-Vault 10086 | -9/Exiles | Found Trap Reconfigurator 10093 | -9/Exiles | Found Flying Fortress v7 10098 | -9/Exiles | Found Modified TNC 10124 | -9/Exiles | Warned to stay clear of 0b10 Research branches 10460 | -9/Exiles | Discovered new exit (range 15) 10671 | -9/Exiles | Attacked by the Exiles 10708 | -9/Exiles | Core integrity fell below 50% 10823 | -9/Exiles | Destroyed 8R-AWN 10848 | -9/Exiles | Found Prototype Device 10848 | -9/Exiles | Identified AS-neutralizer No. 17b 10853 | -9/Exiles | Found Prototype Ballistic Gun 10920 | -9/Exiles | Identified 8R-AWN's Boregun 11070 | -9/Exiles | Stole three prototypes: Flying Fortress v7, Modified TNC, Trap Reconfigurator 11070 | -9/Exiles | Entered Mines 11347 | -8/Mines | Build established: Gunner 11449 | -8/Mines | Discovered new exit (range 6) 11468 | -8/Mines | Entered Materials 11468 | -8/Materials | Evolved 2 slots: Propulsion x2 11925 | -8/Materials | Build established: Scavenger-Gunner 12643 | -8/Materials | Discovered new exit (range 13) 12877 | -8/Materials | Identified exit to Garrison 12906 | -8/Materials | Garrison activated, responded to threat 13099 | -8/Materials | Learned Factory security intel 13195 | -8/Materials | Identified exit to Factory 13229 | -8/Materials | Learned Storage trap positions 13255 | -8/Materials | Learned 2 Lower Caves zone layouts 13273 | -8/Materials | Learned 4 Recycling zone layouts 13364 | -8/Materials | Central database locked down 13698 | -8/Materials | Build established: Gunner 13868 | -8/Materials | First assault squad dispatched 14083 | -8/Materials | Build established: Scavenger-Gunner 15622 | -8/Materials | Core integrity fell below 50% 15631 | -8/Materials | Sterilization system engaged 15631 | -8/Materials | Non-combat units ordered to evacuate 15731 | -8/Materials | Combat units ordered to evacuate 15813 | -8/Materials | Entered Garrison 15927 | -8/Garrison | Triggered checkpoint 15969 | -8/Garrison | Garrison Relay disabled 16037 | -8/Garrison | Build established: Gunner 16047 | -8/Garrison | Garrison Relay disabled 16190 | -8/Garrison | Triggered checkpoint 16203 | -8/Garrison | Triggered checkpoint 16215 | -8/Garrison | Self-destructed Last Messages --------------- 16169_ Field strength at 70. 16171_ Field strength at 40. 16172_ Field strength at 10. 16173_ Stasis field depleted. 16186_ Dropped Hcp. Matter Pod. 16187_ Extracted 91 matter. 16187_ Acquired Hcp. Matter Pod. 16190_ Beams of light sweep through the air. An alarm sounds. 16194_ Slug penetrates Reinforced Barrier. 16194_ G-47 Trooper knocked back. 16197_ Slug penetrates G-47 Trooper. 16197_ G-47 Trooper destroyed. 16197_ Slug penetrates Reinforced Barrier. 16201_ G-47 Trooper knocked back. 16204_ Slug penetrates Wall. 16204_ G-47 Trooper knocked back. 16208_ Slug penetrates Wall. 16212_ Lgt. Nuclear Core destroyed. 16212_ C-45 Heavy ARC bursts open, deploying its payload. 16213_ S-10 Pest destroyed. Map ----- +----------------------------------------------------+ | ?????????????????????????????????????????????????? | | ?????????????????????????????????????????????????? | | ?????????????????????????????????????????????????? | | ?????????????????????????????????????????????????? | | ?????????????????????????????????????????????????? | | ?????????????????????????????????????????????????? | | ?????????????????????????????????????????????????? | | ?????????????????????????????????????????????????? | | ?????????????????????????????????????????????????? | | ?????????????????????????????????????????????????? | | ?????????????????????????????????????????????????? | | ?????????????????????????????????????????????????? | | ????????????????????#????????????????????????????? | | ???????????????????## ???????????????????????????? | | ?????????????? ?? ???????????????????????????? | | ????????????? ??? ???????????????????????????? | | ????????????? ?? ???????????????????????????? | | ??????????????# ?# ??????????????????????????? | | ???????????? ## ## ??????????????????????????? | | ????????????? ??????????????????????????? | | ??????????????? ??????????????????????????? | | ????????????????? ?????????????????????????? | | ??????????????????? ?????????????????????????? | | ??????????????# ????# h####?????????????????????? | | ?????????# % ## % #######???????????????? | | ?????????# =s%@ ^ #???????????????? | | ?????????# g *%[% #???????????????? | | ?????????# % =g = ### #???????????????? | | ??????????# # ## #### #?# #???????????????? | | ??????????????# ???# ???? #?# #???????????????? | | ????????????????????# ?????? ?# #???????????????? | | ????????????????????#???????### #???????????????? | | ??????????????????????????????# #???????????????? | | ????????????????????#?????????# #???????????????? | | ????????????????????# ????????# #???????????????? | | ????????????????????# ######## ##############??? | | ????????????????????# [!! #??? | | ????????????????????# ! ! #??? | | ????????????????????####### ########"####### #??? | | ??????????????????????????# ########/#?????# #??? | | ??????????????????????????# ## =#?????# #??? | | ??????????????????????????# ## #####"###???# #??? | | ??????????????????????????# #??????#*#"#???# #??? | | ??????????????????????????# #??????# !"#???# ###? | | ??????????????????????????#[#??????# ! #???# #? | | ??????????????????????????#=#??????#!!"#???# #? | | ??????????????????????????# ######## #"#???# #? | | ??????????????????????????# ! =!###???######? | | ??????????????????????????### #### #???????????? | | ????????????????????????????# #??# #???????????? | +----------------------------------------------------+ Best States ------------- Heat Dissipation 53 Energy Generation 14 Energy Capacity 280 Matter Stores 300 Matter Capacity 300 Sight Range 16 Terrain Scan Density 10 Additional Mass Support 12 Evasion (%) 44 Recoil Reduction 4 Kinecelleration 30 Item Schematics ----------------- Hvy. EM Pulse Gun | -9/Materials | Extracted EM Shotgun | -9/Materials | Extracted Lgt. Cannon | -8/Materials | Hacked Surge Thruster | -8/Materials | Hacked Gravity Neutralizer | -8/Materials | Scanalyzed Lgt. Nuclear Core | -8/Materials | Scanalyzed Adv. Assault Cannon | -8/Materials | Scanalyzed Imp. Flight Unit | -8/Materials | Scanalyzed Robot Schematics ------------------ None Fabricated ------------ Nothing Repaired ---------- Beam Cannon | 24% | -10/Materials Studied --------- Beam Cannon | -9/Materials | Hacked Alien Tech Used ----------------- None Achievements -------------- None Challenges ------------ None Game ------ Seed IonScrapoidInverter Manual? 0 Play Time 01:31:18 Cumulative 1380.8 hours Start 2025.12.04 @ 20:08:22 End 2025.12.04 @ 23:08:00 Sessions 3 Manual Loads 0 Difficulty Rogue Special Mode None Game No. 629 Rogue 629 Adventurer 0 Explorer 0 Win Type - Total 28 Types 13/5/3/0/1/1/2/2/0/1 Lore% 93 Gallery% 90 Achievement% 69 Wizard Run 0 Options --------- Layout 0 ASCII 0 Keyboard 0 Movement Numpad Keybinds 0 Fullscreen 2 Font 24/Smallcaps Map View 76x50 Zoom Use 0% Tactical HUD 1 Map Filters NONE Filters SHIFT_HUE(315) Steam 1 RUN: 3a573441-3cbe-4a38-aab9-a94301644ac4